 Dungeon Crawl Stone Soup version 0.30.0-10-gfe55d96785 (webtiles) character file.

Game seed: 13209237201508000002

112 dialectric the Covered (level 4, 0/26 HPs)
             Began as a Gargoyle Artificer on May 14, 2023.
             Slain by Eustachio
             ... wielding a +0 falchion
              (8 damage)
             ... on level 4 of the Dungeon.
             The game lasted 00:02:30 (1968 turns).

dialectric the Covered (Gargoyle Artificer)         Turns: 1968, Time: 00:02:30

Health: 0/26       AC:  7    Str: 18    XL:     4   Next: 95%
Magic:  4/4        EV: 11    Int: 11    God:
Gold:   90         SH:  0    Dex: 10    Spells: 3/3 levels left

rFire   . . .        k - +0 mace (heavy)
rCold   . . .        (no shield)
rNeg    + . .        b - +0 leather armour
rPois   ∞            (no helmet)
rElec   +            (no cloak)
rCorr   .            (no gloves)
SInv    .            (no boots)
Will    .....        (no amulet)
Stlth   +            (no ring)
HPRegen 0.24/turn    (no ring)
MPRegen 0.09/turn

%: no passive effects
@: no status effects
A: sickness immunity, AC +3, negative energy resistance 1, electricity
resistance, torment resistance 1, petrification resistance
a: no special abilities


You were on level 4 of the Dungeon.
You visited 1 branch of the dungeon, and saw 4 of its levels.

You collected 90 gold pieces.

Inventory:

Hand Weapons
 a - a +0 club
 h - a +0 spear
 k - a +0 heavy mace (weapon)
 t - a +0 dagger of venom
Armour
 b - a +0 leather armour (worn)
Jewellery
 m - a ring of flight
Wands
 c - a wand of flame (15) (quivered)
 d - a wand of charming (15)
 e - a wand of iceblast (5)
Scrolls
 i - a scroll of blinking {unknown}
 j - 2 scrolls of identify {unknown}
 n - a scroll of fear {unknown}
 q - a scroll of magic mapping {unknown}
 r - a scroll of fog {unknown}
 u - a scroll of vulnerability {unknown}
 v - 2 scrolls of amnesia {unknown}
Potions
 f - 2 potions of lignification {unknown}
 g - 2 potions of curing {unknown}
 l - a potion of might {unknown}
 o - 2 potions of flight {unknown}
 p - a potion of cancellation {unknown}
 s - a potion of brilliance {unknown}


   Skills:
 + Level 2.0 Fighting
 + Level 1.5 Maces & Flails
 - Level 0.5 Polearms
 + Level 3.5 Armour
 - Level 1.0 Dodging
 - Level 1.1 Stealth
 - Level 3.4 Evocations


You had 3 spell levels left.
You didn't know any spells.
Your spell library contained the following spells:

 Spells                   Type           Power      Damage    Failure   Level
 Apportation              Tloc           0%         N/A       38%         1
 Alistair's Intoxication  Tmut/Pois      0%         N/A       100%        5


Dungeon Overview and Level Annotations

Branches:
Dungeon (4/15)
 Temple: D:4-7

Altars:
Wu Jian

Annotations:
D:3 Grinder
D:4 Eustachio


Innate Abilities, Weirdness & Mutations

You are immune to sickness and miasma.
Your stone body is resilient. (AC +3)
You are immune to poison.
You resist negative energy. (rN+)
You are resistant to electric shocks. (rElec)
You are resistant to unholy torment.
You are immune to petrification.


Message History

The endoplasm freezes you.
You are frozen.
An endoplasm is nearby!
An endoplasm is nearby!
You completely miss the endoplasm. The endoplasm barely misses you. x2
An endoplasm is nearby!
You sock the endoplasm!
You kill the endoplasm!
No target in view!
No target in view!
HP restored.
g - 2 bubbling pink potions (gained 1)
v - a scroll labelled ZETI HECHI
Found an ornate altar of the Wu Jian Council.
No target in view!
v - 2 scrolls labelled ZETI HECHI (gained 1)
You now have 90 gold pieces (gained 6).
Eustachio and a sleepcap come into view.
You hit the sleepcap.
The sleepcap is lightly damaged.
Eustachio casts a spell.
Eustachio blinks!
The sleepcap closely misses you. The sleepcap releases spores at you.
You sock the sleepcap!
The sleepcap is heavily damaged.
The sleepcap releases spores at you.
The sleepcap releases spores at you but does no damage.
You hit the sleepcap.
The sleepcap is heavily damaged.
Eustachio barely misses you.
The sleepcap releases spores at you but does no damage.
Eustachio hits you with a +0 falchion. The sleepcap closely misses you.
You sock the sleepcap!
The sleepcap is almost destroyed.
Eustachio hits you with a +0 falchion. The sleepcap barely misses you.
Eustachio hits you but does no damage. The sleepcap closely misses you.
You sock the sleepcap!
You destroy the sleepcap!
Eustachio hits you with a +0 falchion. Eustachio hits you with a +0 falchion!
You die...

#..#...##..≈≈..#........
#.#........≈≈...#.......
#.#.............#.......
#....♣♣.._......#.......
###..♣♣.....≈≈..#....[..
#.........≈≈..#.......
##....##.....##.......
#....##.....####.....
#...@......## #..##.
#.##.@...##. ## ##
#...##.##... ###. ... ..
## ... ..... .... ....


You could see Eustachio.

Vanquished Creatures
  A scorpion (D:3)
  A sleepcap (D:4)
  2 worms (D:2)
  A dart slug (D:1)
  5 bats
  4 endoplasms
  A giant cockroach (D:1)
  7 goblins
  5 hobgoblins
  6 jackals (D:1)
  3 kobolds (D:1)
  A quokka (D:3)
  A ball python (D:1)
  2 frilled lizards (D:1)
  4 rats
44 creatures vanquished.

Notes
Turn   | Place    | Note
-------+----------+-------------------------------------------
     0 | D:1      | dialectric the Gargoyle Artificer began the quest for the
                  | Orb.
     0 | D:1      | Reached XP level 1. HP: 12/12 MP: 1/1
   245 | D:1      | Reached XP level 2. HP: 15/16 MP: 2/2
   396 | D:1      | Reached XP level 3. HP: 20/20 MP: 3/3
   896 | D:1      | Reached skill level 1 in Dodging
  1650 | D:3      | Noticed Grinder
  1657 | D:3      | Paralysed by Grinder for 2 turns
  1675 | D:3      | Paralysed by Grinder for 2 turns
  1765 | D:4      | Noticed a scorpion
  1787 | D:3      | Killed a scorpion
  1788 | D:3      | Reached skill level 1 in Maces & Flails
  1788 | D:3      | Reached XP level 4. HP: 6/26 MP: 4/4
  1908 | D:4      | Found an ornate altar of the Wu Jian Council.
  1963 | D:4      | Noticed Eustachio
  1968 | D:4      | Slain by Eustachio

Illustrated notes

Levels and vault maps discovered:
D:1:      nicolae_arrival_memento_mori, layout_basic, corner_web_ring,
          item_on_display_a
D:2:      layout_loops_ring
D:3:      layout_basic, uniq_grinder
D:4:      layout_cave_pods, mainiacjoe_overflow_chevrons,
          nicolae_wu_jian_wuxing_cycle, mainiacjoe_overflow_alcove_4,
          nrook_mini_vaults, uniq_eustachio, uniq_robin

Skill      XL: |  1  2  3 |
---------------+----------+-----
Evocations     | 3 |  3.4
Dodging        | 1 |  1.0
Armour         | 3 |  3.5
Fighting       | 2 |  2.0
Maces & Flails | 1 |  1.5
Polearms       | |  0.5
Stealth        | |  1.1

Action                     |  1- 3 |  4- 6 || total
---------------------------+-------+-------++-------
  Melee: Spear             |    67 |       ||    67
         Club              |    11 |       ||    11
         Mace              |    65 |     8 ||    73
         Punch             |     2 |       ||     2
   Stab: Sleeping          |     3 |       ||     3
 Armour: Leather armour    |    85 |     4 ||    89
  Dodge: Dodged            |   122 |     7 ||   129
